Map: Sludge City

Players

Meister

  • Race: Terran Terran
  • League: Master
  • Spawn Location: 5:00

Night - Winner!

  • Race: Zerg Zerg
  • Spawn Location: 11:00

bLaCkMambA

  • Race: Zerg Zerg
  • Spawn Location: 5:00

CrucialNug - Winner!

  • Race: Terran Terran
  • League: Master
  • Spawn Location: 9:00

VOD

Have the link to the VOD?

Description

Time

  • Played on: April 2, 2017, 2:59 a.m.
  • Length: 5:58
Show
View Real Time Build Order
Export as new Build Order

Meister Terran 

Build Orders: Reaper Expand, Hellion Banshee 

Get SALT Encoding   

  12  0:00  SCV  
  13  0:13  SCV  
  14  0:18  Supply Depot  
  14  0:25  SCV  
  15  0:39  SCV  
  15  0:41  Barracks  
  16  0:45  Refinery  
  16  0:51  SCV  
  17  1:03  SCV  
  18  1:15  SCV  
  19  1:28  Reaper, Orbital Command  
  20  1:43  Command Center  
  20  1:54  SCV  
  20  1:55  Refinery  
  21  2:05  Factory  
  21  2:09  SCV  
  21  2:15  Supply Depot  
  22  2:21  Barracks Reactor, SCV  
  23  2:36  SCV  
  24  2:48  SCV  
  25  2:56  SCV  
  26  2:58  Starport  
  26  3:00  SCV  
  26  3:01  Hellion x2  
  31  3:08  Orbital Command  
  31  3:14  Barracks Tech Lab  
  31  3:15  SCV  
  32  3:24  Hellion  
  32  3:25  Hellion  
  36  3:28  SCV  
  36  3:31  Supply Depot  
  37  3:36  SCV  
  37  3:40  SCV  
  38  3:42  Supply Depot  
  38  3:45  Banshee, Cloaking Field  
  41  3:49  SCV  
  41  3:53  SCV, Engineering Bay  
  43  3:58  Hellion  
  43  4:01  Hellion  
  47  4:07  SCV  
  48  4:15  Barracks x2  
  48  4:18  SCV  
  48  4:20  Hellion  
  48  4:21  Missile Turret  
  48  4:22  SCV  
  48  4:24  Missile Turret  
  52  4:28  Banshee  
  55  4:33  Supply Depot  
  55  4:40  Barracks Tech Lab  
  55  4:41  SCV x2  
  57  4:46  Engineering Bay  
  57  4:53  SCV, Factory Reactor  
  57  4:54  SCV  
  59  5:02  Command Center  
  56  5:13  Marine, Marauder  
  50  5:15  SCV x2  
  50  5:17  Marine x2  
  55  5:27  SCV  
  55  5:28  SCV  
  53  5:33  Marine  
  60  5:36  Marine  
  60  5:37  Marauder, Marine  
  60  5:39  SCV  
Show
View Real Time Build Order
Export as new Build Order

Night Zerg - Winner!

Build Orders: Hatch First 

Get SALT Encoding   

  12  0:01  Drone  
  13  0:13  Overlord  
  13  0:21  Drone  
  14  0:31  Drone x2  
  14  0:35  Drone  
  17  0:54  Hatchery  
  17  0:56  Drone  
  17  1:02  Drone  
  18  1:10  Extractor  
  17  1:17  Spawning Pool  
  16  1:20  Drone  
  16  1:22  Drone  
  18  1:28  Drone  
  19  1:40  Overlord  
  19  1:51  Drone  
  20  2:04  Zergling x2, Queen  
  23  2:10  Queen  
  23  2:11  Metabolic Boost  
  25  2:16  Drone  
  25  2:21  Drone  
  27  2:28  Drone  
  27  2:29  Drone  
  29  2:36  Drone  
  30  2:37  Drone  
  30  2:43  Hatchery  
  30  2:46  Overlord  
  30  2:52  Drone  
  30  2:55  Drone  
  30  2:57  Drone  
  33  2:58  Extractor  
  33  3:01  Drone  
  33  3:05  Drone  
  34  3:10  Drone  
  34  3:11  Roach Warren  
  34  3:17  Drone  
  34  3:27  Overlord  
  34  3:28  Drone x4  
  38  3:37  Zergling x2, Drone  
  40  3:44  Overlord  
  40  3:45  Overlord  
  40  3:54  Roach x5  
  40  3:55  Roach x2  
  54  3:56  Queen  
  54  3:58  Overlord  
  56  4:08  Roach x3  
  56  4:09  Roach  
  64  4:16  Overlord  
  64  4:19  Zergling x4  
  64  4:23  Roach x3  
  72  4:29  Overlord  
  72  4:37  Zergling x8  
  77  4:38  Ravager  
  77  4:43  Overlord  
  77  4:51  Zergling x8  
  81  5:04  Zergling x6  
  81  5:05  Zergling x10  
  89  5:10  Ravager x2  
  90  5:14  Zergling x2  
  90  5:15  Zergling x8  
  90  5:17  Ravager  
  96  5:26  Zergling x4  
  96  5:27  Zergling x2  
  99  5:33  Zergling x10  
  101  5:39  Zergling x8  
  102  5:57  Extractor  
  102  5:58  Evolution Chamber  
Show
View Real Time Build Order
Export as new Build Order

bLaCkMambA Zerg 

Build Orders: Hatch First 

Get SALT Encoding   

  12  0:00  Drone  
  13  0:12  Overlord  
  13  0:18  Drone  
  14  0:28  Extractor  
  14  0:29  Drone  
  14  0:31  Drone  
  14  0:35  Drone  
  17  0:53  Hatchery  
  17  0:56  Drone  
  17  1:00  Drone  
  18  1:05  Extractor  
  17  1:18  Spawning Pool  
  17  1:19  Drone  
  17  1:22  Drone  
  18  1:29  Drone  
  19  1:39  Overlord  
  19  1:53  Drone  
  20  2:05  Queen x2  
  24  2:11  Metabolic Boost  
  24  2:14  Zergling x2  
  25  2:16  Drone  
  25  2:18  Drone  
  25  2:20  Drone  
  28  2:24  Drone  
  29  2:38  Hatchery  
  28  2:45  Roach Warren  
  28  2:46  Drone  
  28  2:49  Drone  
  28  2:50  Drone  
  30  2:53  Drone  
  30  2:55  Drone  
  32  3:04  Overlord  
  32  3:07  Overlord  
  32  3:19  Zergling x8  
  35  3:22  Queen  
  35  3:24  Zergling x8  
  35  3:27  Zergling x2  
  42  3:32  Lair  
  42  3:35  Overlord  
  42  3:39  Overlord  
  42  3:50  Evolution Chamber, Drone x4  
  42  3:52  Drone  
  42  3:53  Drone  
  48  4:02  Zergling x2  
  48  4:03  Zergling x8  
  48  4:07  Extractor  
  51  4:14  Overlord  
  51  4:15  Overlord  
  50  4:29  Drone x3  
  54  4:38  Drone x2  
  54  4:39  Drone x8  
  54  4:45  Extractor x2  
  62  4:50  Roach x3  
  65  4:53  Roach  
  65  4:56  Roach  
  65  4:58  Roach  
  65  4:59  Roach  
  72  5:05  Roach  
  71  5:12  Roach  
  70  5:16  Roach  
  70  5:17  Roach  
  70  5:20  Roach  
  73  5:23  Roach  
  73  5:28  Roach  
  70  5:30  Roach  
  70  5:31  Zergling x10  
  72  5:40  Zergling x2  
Show
View Real Time Build Order
Export as new Build Order

CrucialNug Terran - Winner!

Build Orders: Cyclone Opening 

Get SALT Encoding   

  12  0:00  SCV  
  13  0:12  SCV  
  14  0:17  Supply Depot  
  14  0:25  SCV  
  14  0:28  Refinery  
  15  0:38  SCV  
  16  0:44  Barracks  
  16  0:52  SCV  
  17  1:04  SCV  
  18  1:16  SCV  
  20  1:32  Reaper  
  20  1:33  Orbital Command  
  20  1:43  Command Center  
  20  1:53  Factory  
  20  1:59  SCV  
  21  2:06  Barracks Reactor  
  21  2:08  Supply Depot  
  21  2:11  SCV  
  22  2:21  Refinery  
  22  2:23  SCV  
  23  2:35  SCV  
  24  2:43  Marine, Cyclone  
  24  2:44  Marine  
  29  2:48  SCV  
  30  2:55  Orbital Command  
  30  3:00  SCV  
  30  3:01  Marine x2  
  33  3:06  Starport  
  33  3:13  SCV  
  34  3:21  Marine x2  
  34  3:22  Cyclone  
  34  3:23  SCV  
  34  3:25  SCV  
  41  3:33  Supply Depot  
  41  3:35  SCV  
  42  3:41  Marine x2  
  42  3:42  Medivac  
  46  3:49  Barracks  
  46  3:54  SCV x2  
  48  3:55  Supply Depot  
  48  4:03  Marine x2, Factory Tech Lab  
  48  4:06  SCV  
  51  4:10  Engineering Bay  
  51  4:13  Supply Depot, SCV, Viking  
  54  4:19  SCV  
  54  4:21  Marine x2  
  54  4:23  Siege Tank  
  60  4:30  SCV  
  61  4:33  Refinery  
  61  4:35  Refinery  
  61  4:36  Barracks Tech Lab  
  61  4:37  Missile Turret  
  61  4:41  Supply Depot  
  61  4:43  Marine x2  
  63  4:50  Medivac  
  63  4:51  SCV  
  66  5:03  SCV  
  67  5:09  SCV  
  67  5:11  Command Center  
  68  5:16  SCV  
  68  5:19  Marine x2  
  70  5:22  SCV  
  63  5:28  SCV  
  63  5:32  Marine  
  65  5:36  Starport Reactor  
  65  5:38  Barracks  
  61  5:45  SCV  
  63  5:54  Barracks  
  63  5:55  Barracks  
Tags
 
Add a new tag
Caveats
  • Supply blocks, unpowered buildings, or Contaminate may cause inaccurate times.
  • Supply counts are checked every 10 seconds.